[Event "45th FIDE Olympiad 2024"]
[Site "Budapest"]
[Date "2024.09.12"]
[Round "2.14"]
[White "Salinas Herrera, Pablo"]
[Black "Yu, Yangyi"]
[Result "0-1"]
[ECO "B83"]
[WhiteElo "2479"]
[BlackElo "2703"]
[Annotator "TA"]
[PlyCount "108"]
[EventDate "2024.09.05"]
[EventType "team-tourn"]
[EventCountry "HUN"]
[SourceTitle "playchess.com"]
[Source "ChessBase"]
[SourceQuality "1"]
[WhiteTeam "Chile"]
[BlackTeam "China"]
[WhiteTeamCountry "CHI"]
[BlackTeamCountry "CHN"]
[TimeControl "40/5400+30:1800+30"]

1. e4 c5 2. Nf3 e6 3. Be2 Nc6 4. O-O Nf6 5. Nc3 d6 6. d4 cxd4 7. Nxd4 Be7 8. Nxc6 bxc6 9. Qd3 {[%emt 0:00:05] B83: Sicilian Scheveningen: 6 Be2, lines without ...a6.} O-O 10. Qg3 e5 11. f4 Nd7 12. Bg4 $146 ({Predecessor:} 12. f5 Kh8 13. b3 Qa5 14. Kh1 d5 15. Bd2 d4 16. Nb1 Qc5 17. c3 Bf6 18. b4 Qe7 19. c4 c5 20. b5 {½-½ Dinic,D (2187)-Pavlidou,E (2189) Paracin Orbis IM 02 2022 (2)}) 12... Bh4 13. Qh3 Bf6 14. Ne2 exf4 15. Bxf4 Bxb2 16. Rad1 Nf6 17. Bxc8 Qxc8 18. Qb3 {[%emt 0:07:08] [#]} Rb8 (18... Be5 $1 $17 19. Bxe5 dxe5) 19. Qa4 Be5 20. Bxe5 dxe5 21. Ng3 Qc7 22. h3 Rfd8 23. Nf5 g6 24. Qxc6 Qxc6 25. Ne7+ Kg7 26. Nxc6 Rxd1 27. Rxd1 Rc8 (27... Rb5 $17 28. Nxa7 Rc5) 28. Nxa7 (28. Nxe5 $15 Rxc2 (28... Nxe4 29. Rd7 $11) 29. Rb1) 28... Rxc2 $17 29. a4 (29. Re1 $17) 29... Nxe4 $19 30. a5 Ra2 31. Nc6 f6 32. Rd7+ Kh6 33. Rb7 (33. Kh2 $17) 33... Kg5 $19 34. Rb4 Kf4 35. Kh2 f5 (35... g5 $19 {White must now prevent ...h5.} 36. Rb1 Nd2) 36. Rc4 (36. h4 $17 {might work better.}) 36... h5 (36... g5 $19 {aiming for ...h5.} 37. Rc1 Nd2) 37. Ne7 $2 (37. h4 $1 $15) 37... Rxa5 $19 38. Nxg6+ Kg5 39. Rc6 h4 40. Re6 Nc5 41. Rc6 Nd3 42. Nf8 f4 43. Nh7+ $2 (43. Ne6+ {nothing else works.} Kf5 44. Ng7+ Ke4 45. Nh5) 43... Kf5 $19 44. Rf6+ Ke4 45. Rd6 Ke3 46. Nf6 e4 47. Re6 Nf2 48. Ng4+ Nxg4+ 49. hxg4 Kd4 50. Rf6 e3 ({Weaker is} 50... Ke3 51. Kh3 $17) 51. Rxf4+ Kd3 52. Rf3 Kd2 53. Rf8 Ra3 54. Rf3 Rd3 0-1

[Event "45th FIDE Olympiad 2024"]
[Site "Budapest"]
[Date "2024.09.12"]
[Round "2.14"]
[White "Heron, Andrew"]
[Black "Gabriel, Sixtus"]
[Result "1-0"]
[ECO "B18"]
[WhiteElo "2026"]
[BlackElo "1800"]
[Annotator "NA"]
[PlyCount "111"]
[EventDate "2024.09.05"]
[EventType "team-tourn"]
[EventCountry "HUN"]
[SourceTitle "playchess.com"]
[Source "ChessBase"]
[SourceQuality "1"]
[WhiteTeam "Liechtenstein"]
[BlackTeam "Saint Lucia"]
[WhiteTeamCountry "LIE"]
[TimeControl "40/5400+30:1800+30"]

1. e4 c6 2. Nf3 d5 3. Nc3 dxe4 4. Nxe4 Bf5 5. Ng3 Bg6 6. d4 e6 7. c3 Nf6 8. Qb3 b6 9. Ne5 Bd6 10. Bg5 Qc7 11. Bxf6 gxf6 12. Nc4 h5 13. Nxd6+ Qxd6 14. h4 Nd7 15. Be2 f5 16. Bf3 Nf6 17. Ne2 f4 18. Qd1 O-O-O 19. Qc1 Nd5 20. Bxd5 exd5 21. Qxf4 Rhe8 22. Qxd6 Rxd6 23. Kd2 Rf6 24. Raf1 Kd7 25. f3 c5 26. Rf2 Kd6 27. Re1 a5 28. Rff1 a4 29. a3 Kc6 30. g3 Kb5 31. dxc5 Kxc5 32. Nd4 Rxe1 33. Rxe1 Kd6 34. Re8 Bf5 35. Rh8 Bg6 36. Rd8+ Ke7 37. Rxd5 Bb1 38. Rxh5 Ba2 39. Rh6 Bc4 40. Rxf6 Kxf6 41. Ke3 Ke5 42. g4 Ba6 43. h5 Kf6 44. Kf4 Bd3 45. g5+ Kg7 46. Nf5+ Kh7 47. Ke5 b5 48. Kf6 Kg8 49. Nh6+ Kf8 50. Nxf7 b4 51. cxb4 Bc4 52. h6 Kg8 53. g6 Bxf7 54. h7+ Kh8 55. g7+ Kxh7 56. Kxf7 1-0

[Event "45th FIDE Olympiad 2024"]
[Site "Budapest"]
[Date "2024.09.12"]
[Round "2.15"]
[White "Bu, Xiangzhi"]
[Black "Vasquez Schroeder, Rodrigo"]
[Result "1-0"]
[ECO "E65"]
[WhiteElo "2693"]
[BlackElo "2457"]
[Annotator "TA"]
[PlyCount "65"]
[EventDate "2024.09.05"]
[EventType "team-tourn"]
[EventCountry "HUN"]
[SourceTitle "playchess.com"]
[Source "ChessBase"]
[SourceQuality "1"]
[WhiteTeam "China"]
[BlackTeam "Chile"]
[WhiteTeamCountry "CHN"]
[BlackTeamCountry "CHI"]
[TimeControl "40/5400+30:1800+30"]

1. d4 Nf6 2. c4 g6 3. g3 Bg7 4. Bg2 O-O 5. Nc3 d6 6. Nf3 c5 7. O-O Nc6 8. dxc5 dxc5 9. Bf4 Nh5 10. Bg5 h6 (10... Be6 $11) 11. Be3 $14 Nd4 12. Qd2 {[%emt 0:02:51] White is slightly better.} Kh7 13. Rad1 e5 {[%emt 0:00:29] [#]} 14. b4 $1 cxb4 (14... Nxf3+ 15. Bxf3) 15. Nb5 (15. Bxd4 {simplifies} bxc3 16. Bxc3 Qxd2 17. Nxd2 f5 18. c5) 15... Qe7 16. Nfxd4 exd4 17. Bxd4 Rd8 {[%emt 0:05:33] ...a6 would now be deadly.} 18. Qe3 $1 Qxe3 19. fxe3 {[%emt 0:23:10] aiming for Nc7.} Be6 20. Bxb7 {[%emt 0:01:23] White is much more active.} (20. Nxa7 Bxc4 (20... Bxd4 $2 21. Rxd4 Rxd4 22. exd4 $19) 21. Bc5 Rxd1 (21... Bxe2 22. Rxd8 Rxd8 23. Rxf7 $11) 22. Rxd1 Bxa2 $15) 20... Rab8 {[%emt 0:04:09] [#]} 21. Bxg7 (21. Bxa7 Bxc4 (21... Rxd1 22. Bxb8 Rd8 23. Bc7 $14) 22. Bxb8 Rxb8 $11) ({Better is} 21. Bf3 $1 $16) 21... Rxd1 $11 22. Rxd1 Rxb7 ({Black should play} 22... Kxg7 $11 23. Bd5 Bxd5 24. Rxd5 Nf6) 23. Bb2 $14 (23. Nd6 Rd7 (23... Rc7 24. Bb2 $16) 24. Bb2 Bxc4 $17) 23... a6 {[%emt 0:13:27] [#]} (23... Bxc4 $2 {perishes.} 24. Rd8 g5 25. Nd6 $18) 24. Rd8 $1 $36 {[%emt 0:02:53][%csl Gb2][%cal Rd8h8][%mdl 2048] White is on the roll.} g5 (24... Ng7 25. Nd6) 25. Nd6 Rc7 26. Bd4 Rd7 27. Rh8+ Kg6 28. Rg8+ Kh7 29. Rh8+ Kg6 30. c5 Rc7 $2 (30... Ng7 {is a better defense.} 31. Rb8 Bxa2) 31. Rg8+ Kh7 32. Rh8+ Kg6 33. Rb8 {[%emt 0:00:28] Weighted Error Value: White=0.31/Black=0.28 (precise) .  Loses game:     	---       	Black=2      Mistake:       	White=1     	Black=3      Inaccurate:     	White=1     	Black=4      OK:         	White=11    	Black=6      Best:        	White=1     	Black=3      Strong:       	White=1     	---} 1-0

[Event "45th FIDE Olympiad 2024"]
[Site "Budapest"]
[Date "2024.09.12"]
[Round "2.15"]
[White "James, Justin"]
[Black "Frick, Renato"]
[Result "1-0"]
[ECO "C83"]
[WhiteElo "1745"]
[BlackElo "1925"]
[Annotator "NA"]
[PlyCount "81"]
[EventDate "2024.09.05"]
[EventType "team-tourn"]
[EventCountry "HUN"]
[SourceTitle "playchess.com"]
[Source "ChessBase"]
[SourceQuality "1"]
[WhiteTeam "Saint Lucia"]
[BlackTeam "Liechtenstein"]
[BlackTeamCountry "LIE"]
[TimeControl "40/5400+30:1800+30"]

1. e4 e5 2. Nf3 Nc6 3. Bb5 a6 4. Ba4 Nf6 5. O-O Nxe4 6. d4 b5 7. Bb3 d5 8. dxe5 Be6 9. c3 Be7 10. Be3 g5 11. Nd4 Nxe5 12. Nxe6 fxe6 13. f4 gxf4 14. Bd4 Bc5 15. Nd2 Bxd4+ 16. cxd4 Nxd2 17. Qxd2 Ng6 18. Qe2 Qf6 19. Kh1 Kd7 20. Qd3 c6 21. Rac1 Rac8 22. Qc3 Qd8 23. Bd1 a5 24. Qc5 Qc7 25. Bg4 Rhf8 26. Rce1 Rce8 27. Re2 Rf6 28. Rfe1 Nf8 29. Re5 Kc8 30. Qc2 Kb7 31. Qd3 Qd6 32. a3 Kb6 33. h3 Re7 34. Qc3 Nd7 35. R5e2 c5 36. dxc5+ Qxc5 37. Qd2 Nf8 38. b4 axb4 39. axb4 Qd6 40. Qd4+ Kb7 41. Qxf6 1-0

[Event "45th FIDE Olympiad 2024"]
[Site "Budapest"]
[Date "2024.09.12"]
[Round "2.16"]
[White "Lopez Silva, Hugo"]
[Black "Wang, Yue"]
[Result "0-1"]
[ECO "B13"]
[WhiteElo "2379"]
[BlackElo "2637"]
[Annotator "TA"]
[PlyCount "68"]
[EventDate "2024.09.05"]
[EventType "team-tourn"]
[EventCountry "HUN"]
[SourceTitle "playchess.com"]
[Source "ChessBase"]
[SourceQuality "1"]
[WhiteTeam "Chile"]
[BlackTeam "China"]
[WhiteTeamCountry "CHI"]
[BlackTeamCountry "CHN"]
[TimeControl "40/5400+30:1800+30"]

1. e4 c6 2. d4 d5 3. exd5 cxd5 4. Bd3 Nc6 5. c3 Nf6 6. Bf4 Bg4 7. Qb3 Qd7 8. Nd2 e6 9. Ngf3 Bd6 10. Bxd6 Qxd6 11. O-O O-O 12. Rae1 Bxf3 13. Nxf3 Qc7 14. Re3 Rab8 15. Qc2 g6 {[%emt 0:07:46] The position is equal.} 16. a4 Kg7 17. Qd2 a6 18. Rfe1 Rh8 19. Ne5 Nxe5 20. dxe5 Nd7 21. Rh3 h6 22. Rg3 Qd8 (22... Nxe5 $2 23. Qf4 $18) 23. Qf4 Qe7 24. h4 Rbc8 25. h5 g5 26. Qd4 (26. Rg4 {is more complex.} Rhg8 27. Qf3 Qd8 28. Rd4) 26... Nc5 27. Bc2 Nd7 28. f4 Rc4 29. Qf2 Kf8 $1 30. fxg5 (30. f5 $11) 30... hxg5 $17 31. Rf3 {[%emt 0:00:31] This costs White the game.} (31. Rh3 $15) 31... g4 $1 $19 (31... Rxh5 $2 {too greedy.} 32. Bg6 $18) 32. Rf4 Rxh5 33. Bg6 (33. Rxc4 $142 dxc4 34. b4) 33... Rxf4 ({And not} 33... Rxe5 34. Rxf7+ (34. Bxf7 Rxf4 35. Qd2 Rxe1+ 36. Qxe1 Rxf7 37. g3 Qf6 38. Qe2 Ne5 39. Kh1 Qh6+ 40. Kg1 Nf3+ 41. Kf2 Nd4+ 42. Ke1 Qc1+ 43. Qd1 Qe3+) 34... Kg8 35. Rxe7 Rxe1+ 36. Qxe1) 34. Qxf4 {[%emt 0:00:02] [#]} Rh1+ $3 {[%emt 0:00:20][%mdl 512] Weighted Error Value: White=0.34/Black=0.08 (flawless) .  Mistake:       	White=3     	---        Inaccurate:     	White=3     	Black=3      OK:         	White=4     	Black=9      Strong:       	---       	Black=2      Brilliant:      	---       	Black=1} 0-1

[Event "45th FIDE Olympiad 2024"]
[Site "Budapest"]
[Date "2024.09.12"]
[Round "2.16"]
[White "Schadler, Martin"]
[Black "Elizee, Kaieem"]
[Result "1/2-1/2"]
[ECO "E07"]
[WhiteElo "1891"]
[BlackElo "1701"]
[Annotator "NA"]
[PlyCount "46"]
[EventDate "2024.09.05"]
[EventType "team-tourn"]
[EventCountry "HUN"]
[SourceTitle "playchess.com"]
[Source "ChessBase"]
[SourceQuality "1"]
[WhiteTeam "Liechtenstein"]
[BlackTeam "Saint Lucia"]
[WhiteTeamCountry "LIE"]
[TimeControl "40/5400+30:1800+30"]

1. d4 Nf6 2. c4 e6 3. Nc3 d5 4. Nf3 Nbd7 5. g3 Be7 6. Bg2 O-O 7. O-O c6 8. Qc2 b6 9. e4 dxe4 10. Nd2 Bb7 11. Ndxe4 Nxe4 12. Nxe4 Nf6 13. Be3 Nxe4 14. Bxe4 g6 15. Rad1 Qc7 16. c5 Bf6 17. Bf4 Qd7 18. b4 Rfd8 19. Bd6 Be7 20. Bf4 Bf6 21. Bd6 Be7 22. Bf4 Bf6 23. Bd6 Be7 1/2-1/2

[Event "45th FIDE Olympiad 2024"]
[Site "Budapest"]
[Date "2024.09.12"]
[Round "2.17"]
[White "Fawzy, Adham"]
[Black "Abdusattorov, Nodirbek"]
[Result "0-1"]
[ECO "C50"]
[WhiteElo "2507"]
[BlackElo "2766"]
[Annotator "TA"]
[PlyCount "72"]
[EventDate "2024.09.05"]
[EventType "team-tourn"]
[EventCountry "HUN"]
[SourceTitle "playchess.com"]
[Source "ChessBase"]
[SourceQuality "1"]
[WhiteTeam "Egypt"]
[BlackTeam "Uzbekistan"]
[WhiteTeamCountry "EGY"]
[BlackTeamCountry "UZB"]
[TimeControl "40/5400+30:1800+30"]

1. e4 e5 2. Nf3 Nc6 3. Bc4 d6 4. d4 exd4 5. Nxd4 Nf6 6. Nc3 Be7 7. O-O O-O 8. Bf4 Ne5 9. Bb3 c6 10. Re1 Re8 {[%emt 0:02:53] White is slightly better.} 11. Nf5 (11. Bg3 $14 {should be considered.}) 11... Bf8 12. Ne3 b5 13. Bxe5 (13. a3 $1 $11 {keeps the balance.}) 13... dxe5 (13... Rxe5 $17 14. a3 Bd7 (14... Nxe4 15. Nxe4 Rxe4 16. Bxf7+ Kh8 17. Bh5 $15)) 14. Qf3 $11 g6 15. a4 b4 $1 16. Na2 Bc5 17. Nc1 a5 18. Nd3 Bd4 19. h3 Kg7 20. Red1 Qc7 21. c3 bxc3 22. bxc3 Ba7 23. Bc4 h5 24. Rab1 Qe7 25. Re1 Nh7 {[%emt 0:02:08] ...Ng5 would now be deadly.} 26. Qe2 Qh4 $1 27. Nf1 Ng5 28. Nh2 {[%emt 0:04:13] [#] Prevents Bg4. Loses the game.} (28. Kh1 $17) 28... f5 $1 $19 29. Nf3 Nxf3+ 30. Qxf3 {[%emt 0:00:12][%cal Oe4f5] [#]} f4 31. Qd1 (31. Rb2 {was necessary.} g5 (31... Qg3 32. Qxg3 fxg3 33. Kh1 $11) 32. Nxe5 Rxe5 33. Rd1) 31... Rf8 32. Nxe5 (32. Qc1) 32... Bxf2+ {[%emt 0:01:24] Black is clearly winning.} 33. Kh1 Rd8 {[%emt 0:04:01] Prevents Qd6. White must now prevent ...Bxh3.} 34. Qe2 Bxh3 {[%emt 0:01:15][%csl Gd8][%cal Rh3d7] This pair of bishops is nice.} 35. Nf3 Qg3 36. gxh3 {[%emt 0:00:51][%cal Oc4e6] [#]} Rd2 $3 {[%emt 0:00:04][%mdl 512] Weighted Error Value: White=0.68/Black=0.04 (flawless) .  Mistake:       	White=5     	Black=1      Inaccurate:     	White=1     	---        OK:         	White=8     	Black=13     Best:        	White=1     	Black=1      Strong:       	---       	Black=3} 0-1

[Event "45th FIDE Olympiad 2024"]
[Site "Budapest"]
[Date "2024.09.12"]
[Round "2.17"]
[White "Rodriguez Santiago, Jaime"]
[Black "Kamara, Ansumana"]
[Result "1-0"]
[ECO "E92"]
[WhiteElo "2002"]
[BlackElo "1876"]
[Annotator "NA"]
[PlyCount "105"]
[EventDate "2024.09.05"]
[EventType "team-tourn"]
[EventCountry "HUN"]
[SourceTitle "playchess.com"]
[Source "ChessBase"]
[SourceQuality "1"]
[WhiteTeam "Puerto Rico"]
[BlackTeam "Sierra Leone"]
[WhiteTeamCountry "PUR"]
[BlackTeamCountry "SIE"]
[TimeControl "40/5400+30:1800+30"]

1. d4 Nf6 2. c4 g6 3. Nc3 Bg7 4. e4 d6 5. Nf3 O-O 6. Be2 Nc6 7. Be3 e5 8. d5 Ne7 9. Nd2 Nd7 10. Qc2 a6 11. b4 b6 12. Nb3 f5 13. f3 f4 14. Bf2 a5 15. bxa5 bxa5 16. a4 c5 17. dxc6 Nxc6 18. Rd1 Qg5 19. Kf1 Nd4 20. Nxd4 exd4 21. Bxd4 Ne5 22. Nb5 Rd8 23. Bb6 Rd7 24. Nxd6 Ba6 25. c5 Qe7 26. Qd2 Nf7 27. Qd5 Bb7 28. Qb3 Ba6 29. Bxa6 Rxa6 30. Nxf7 Rxd1+ 31. Qxd1 Qxf7 32. Qd5 Kf8 33. Qxf7+ Kxf7 34. Ke2 Ra8 35. Rd1 Bf8 36. Rd5 Rc8 37. Kd3 Kf6 38. Kc4 Be7 39. Bxa5 g5 40. Bb6 h5 41. a5 Ke6 42. a6 Bf6 43. a7 Ra8 44. Kb5 g4 45. Kc6 Rh8 46. Ba5 h4 47. Rd6+ Ke7 48. Rxf6 h3 49. gxh3 g3 50. hxg3 fxg3 51. Rg6 Rc8+ 52. Kb7 Rxc5 53. a8=Q 1-0

[Event "45th FIDE Olympiad 2024"]
[Site "Budapest"]
[Date "2024.09.12"]
[Round "2.18"]
[White "Yakubboev, Nodirbek"]
[Black "Wageih, Kareim"]
[Result "1-0"]
[ECO "B15"]
[WhiteElo "2666"]
[BlackElo "2402"]
[Annotator "TA"]
[PlyCount "61"]
[EventDate "2024.09.05"]
[EventType "team-tourn"]
[EventCountry "HUN"]
[SourceTitle "playchess.com"]
[Source "ChessBase"]
[SourceQuality "1"]
[WhiteTeam "Uzbekistan"]
[BlackTeam "Egypt"]
[WhiteTeamCountry "UZB"]
[BlackTeamCountry "EGY"]
[TimeControl "40/5400+30:1800+30"]

1. e4 c6 2. d4 d5 3. Nd2 dxe4 4. Nxe4 Nf6 5. Nxf6+ exf6 6. c3 Bd6 7. Bd3 O-O 8. Ne2 Qc7 9. Qc2 h6 10. Be3 Re8 11. h3 Be6 12. O-O Nd7 13. c4 {[%emt 0:04:23] White is slightly better.} Rad8 14. Rad1 {[%emt 0:19:52][%cal Od4d5] aiming for d5!} Nf8 {[%emt 0:14:52] [#]} 15. d5 cxd5 $11 16. c5 Be7 17. b4 Nd7 18. Bb5 a6 19. Bf4 Qc8 20. Bxd7 (20. Ba4 $14) 20... Rxd7 21. Nd4 Bd8 22. Rfe1 Bc7 $132 {[%emt 0:00:40][%mdl 2048] Black puts up resistance} 23. Bxc7 Qxc7 24. a4 Rde7 25. b5 axb5 26. axb5 Bc8 27. Rxe7 Rxe7 (27... Qxe7 $11 {remains equal.} 28. Qc3 Kh7) 28. c6 (28. b6 $16 Qd8 29. Nb5) 28... Qf4 {[%emt 0:01:29][%mdl 8192] [#]} (28... bxc6 $11 {and Black stays safe.} 29. Qxc6 (29. Nxc6 Re6 $14) (29. bxc6 Qa5 $11) 29... Kh7) 29. Qc5 $1 $18 Qe4 30. c7 Re5 (30... Kh7 $142 31. b6 Kg8) 31. Nf3 {[%emt 0:01:35] Weighted Error Value: White=0.21 (precise) /Black=0.54.  Loses game:     	---       	Black=1      Mistake:       	White=3     	Black=2      Inaccurate:     	---       	Black=2      OK:         	White=8     	Black=5      Best:        	White=2     	Black=1} ({Weaker is} 31. b6 Rg5 32. g3 Bxh3 33. c8=Q+ (33. c8=B $2 Qg2#) 33... Bxc8 34. Qxc8+ Kh7 $18) 1-0

[Event "45th FIDE Olympiad 2024"]
[Site "Budapest"]
[Date "2024.09.12"]
[Round "2.18"]
[White "Winston Gerald, Mansfield Thomas"]
[Black "Zilleruelo Irizarry, Diego"]
[Result "1/2-1/2"]
[ECO "D30"]
[WhiteElo "1950"]
[BlackElo "2041"]
[Annotator "NA"]
[PlyCount "99"]
[EventDate "2024.09.05"]
[EventType "team-tourn"]
[EventCountry "HUN"]
[SourceTitle "playchess.com"]
[Source "ChessBase"]
[SourceQuality "1"]
[WhiteTeam "Sierra Leone"]
[BlackTeam "Puerto Rico"]
[WhiteTeamCountry "SIE"]
[BlackTeamCountry "PUR"]
[TimeControl "40/5400+30:1800+30"]

1. d4 d5 2. c4 e6 3. Nf3 a6 4. e3 Nf6 5. a3 dxc4 6. Bxc4 b5 7. Bd3 c5 8. dxc5 Bxc5 9. b4 Bb6 10. O-O Bb7 11. Be2 Nbd7 12. Bb2 Qe7 13. Nbd2 O-O 14. Nb3 Rfd8 15. Qe1 Bd5 16. Nbd2 Rac8 17. Rc1 Ne4 18. Nxe4 Bxe4 19. Nd2 Bc2 20. Nf3 Nf6 21. Nd4 Be4 22. h3 Qd6 23. Nf3 Nd5 24. Be5 Qe7 25. Qd2 Nc3 26. Bd4 Bxd4 27. exd4 Nxe2+ 28. Qxe2 Rxc1 29. Rxc1 Qb7 30. Qe3 Bxf3 31. gxf3 h6 32. Qf4 Qd5 33. Rc7 Rd7 34. Rxd7 Qxd7 35. Qb8+ Kh7 36. Qb6 Qc8 37. Kg2 Kg6 38. d5 Qc1 39. h4 Qc4 40. d6 Qxh4 41. Qc7 Qg5+ 42. Kf1 Qf4 43. Qc2+ Kf6 44. Qc7 Qxf3 45. d7 Qd1+ 46. Kg2 Qg4+ 47. Kf1 Qd1+ 48. Kg2 Qg4+ 49. Kf1 Qd1+ 50. Kg2 1/2-1/2

[Event "45th FIDE Olympiad 2024"]
[Site "Budapest"]
[Date "2024.09.12"]
[Round "2.19"]
[White "Wafa, Hamed"]
[Black "Sindarov, Javokhir"]
[Result "1/2-1/2"]
[ECO "B99"]
[WhiteElo "2368"]
[BlackElo "2677"]
[Annotator "TA"]
[PlyCount "95"]
[EventDate "2024.09.05"]
[EventType "team-tourn"]
[EventCountry "HUN"]
[SourceTitle "playchess.com"]
[Source "ChessBase"]
[SourceQuality "1"]
[WhiteTeam "Egypt"]
[BlackTeam "Uzbekistan"]
[WhiteTeamCountry "EGY"]
[BlackTeamCountry "UZB"]
[TimeControl "40/5400+30:1800+30"]

1. e4 c5 2. Nf3 d6 3. d4 cxd4 4. Nxd4 Nf6 5. Nc3 a6 6. Bg5 e6 7. Qf3 Nbd7 8. O-O-O Qc7 9. Qg3 Be7 10. f4 h6 11. Bh4 g5 12. fxg5 Rg8 13. Be2 {[%emt 0:20:36][%cal Od4e6] Nxe6! is the strong threat.} hxg5 (13... Qc5 $1 $11 14. Nb3 Qc6) 14. Bxg5 $14 b5 {[%emt 0:00:06] And now ...b4 would win.} 15. a3 Ne5 16. h4 {[%emt 0:03:01][%cal Bh2h4,Bh4g5,Bg5g6][%mdl 32] Threatens to win with Qf4.} Nh7 17. Nf3 {[%emt 0:10:13] White is more active.} Nxg5 {[%emt 0:05:57] [#]} (17... Bd7 $16 {was worth a try.}) 18. Nxe5 $1 $18 ({Don't take} 18. Nxg5 $6 Qc5 $14) (18. hxg5 Ng6 19. e5 dxe5 $16) 18... dxe5 19. hxg5 Bd7 {[%emt 0:04:54][%cal Oe8c8] [#]} 20. g6 $1 O-O-O (20... Rxg6 21. Rh8+) 21. g7 Bc6 $2 (21... Kb7 22. Rdf1 Bc6) 22. Rxd8+ Qxd8 23. Qxe5 (23. a4 $18) 23... Bd6 $16 24. Qh5 Rxg7 25. Rd1 Bf4+ 26. Kb1 Qg5 27. Qh8+ Rg8 28. Qd4 {[%emt 0:00:29] Qb6 would now be deadly.} Rd8 29. Qxd8+ (29. Qb6 $16 Rxd1+ 30. Bxd1) 29... Qxd8 $11 30. Rxd8+ Kxd8 $16 {[%emt 0:00:05][%mdl 4096] Endgame. KBB-KBN} 31. Bf3 a5 32. Ne2 Bd6 33. Nd4 Bd7 34. c3 b4 35. axb4 axb4 36. Kc2 bxc3 37. Kxc3 Bg3 38. b4 e5 39. Nf5 Bxf5 40. exf5 $11 {[%emt 0:00:06] KB-KB} f6 41. Kc4 Kc7 42. Kd5 Kb6 43. Ke6 Bh4 44. Be2 Bg5 45. Kd5 Bh4 46. Ke6 Bg5 47. Kd5 Bh4 $1 48. Ke4 {[%emt 0:00:05] White really could win this.   Weighted Error Value: White=0.16 (very precise) /Black=0.18 (very precise) .  Missed win:     	White=1     	---        Mistake:       	White=1     	Black=3      OK:         	White=14    	Black=14     Best:        	White=2     	Black=3      Strong:       	White=1     	Black=1} 1/2-1/2

[Event "45th FIDE Olympiad 2024"]
[Site "Budapest"]
[Date "2024.09.12"]
[Round "2.19"]
[White "Boggiano Pereira, Miguel A."]
[Black "Adeshole Beckley, Brian"]
[Result "1-0"]
[ECO "D30"]
[WhiteElo "2015"]
[BlackElo "1814"]
[Annotator "NA"]
[PlyCount "113"]
[EventDate "2024.09.05"]
[EventType "team-tourn"]
[EventCountry "HUN"]
[SourceTitle "playchess.com"]
[Source "ChessBase"]
[SourceQuality "1"]
[WhiteTeam "Puerto Rico"]
[BlackTeam "Sierra Leone"]
[WhiteTeamCountry "PUR"]
[BlackTeamCountry "SIE"]
[TimeControl "40/5400+30:1800+30"]

1. d4 e6 2. c4 d5 3. Nf3 c5 4. cxd5 exd5 5. g3 Nc6 6. Bg2 Nf6 7. O-O Be7 8. dxc5 Bxc5 9. a3 a5 10. Bg5 Be6 11. Nc3 Be7 12. Qa4 O-O 13. Rfd1 h6 14. Bxf6 Bxf6 15. e3 Bxc3 16. bxc3 Qf6 17. Rab1 Rab8 18. Qf4 Qxf4 19. gxf4 Bf5 20. Rb5 Be4 21. Nd2 Bxg2 22. Kxg2 Rfd8 23. Nf3 f6 24. Rbxd5 Rxd5 25. Rxd5 Rd8 26. Rb5 Rd3 27. Rxb7 Rxc3 28. Rc7 Rc2 29. Rc8+ Kf7 30. Rc7+ Kf8 31. Nh4 Nd4 32. Ra7 Nc6 33. Rc7 Nd4 34. Ra7 Nc6 35. Ra8+ Kf7 36. Nf5 Kg6 37. Nd6 Rd2 38. Ne4 Rd3 39. Ra6 Ne7 40. Rxa5 Nf5 41. Kf1 Rd1+ 42. Ke2 Rh1 43. Rxf5 Rxh2 44. Rd5 Rh1 45. Rd1 Rh5 46. a4 Ra5 47. Ra1 Kf5 48. Nd6+ Ke6 49. Nc4 Rc5 50. Kd3 Rd5+ 51. Kc3 h5 52. e4 Rd8 53. a5 h4 54. f5+ Kf7 55. a6 g5 56. a7 Ra8 57. Nb6 1-0

[Event "45th FIDE Olympiad 2024"]
[Site "Budapest"]
[Date "2024.09.12"]
[Round "2.20"]
[White "Vokhidov, Shamsiddin"]
[Black "Sadek, Sameh"]
[Result "1-0"]
[ECO "C60"]
[WhiteElo "2650"]
[BlackElo "2269"]
[Annotator "TA"]
[PlyCount "61"]
[EventDate "2024.09.05"]
[EventType "team-tourn"]
[EventCountry "HUN"]
[SourceTitle "playchess.com"]
[Source "ChessBase"]
[SourceQuality "1"]
[WhiteTeam "Uzbekistan"]
[BlackTeam "Egypt"]
[WhiteTeamCountry "UZB"]
[BlackTeamCountry "EGY"]
[TimeControl "40/5400+30:1800+30"]

1. e4 e5 2. Nf3 Nc6 3. Bb5 Nge7 4. O-O g6 5. c3 Bg7 6. d4 exd4 7. cxd4 d5 8. exd5 Nxd5 9. Re1+ Be6 10. Bg5 Qd6 11. Nbd2 O-O 12. Ne4 Qb4 13. Bxc6 bxc6 14. Qc1 Rab8 15. b3 Qb6 16. Nc5 Rfe8 (16... Bf5 $14) 17. Ne5 $16 {[%emt 0:05:26] [#] aiming for Nc4.} Ra8 18. Nc4 Qb8 19. Ne5 {[%emt 0:04:31] A dynamic duo of knights.} Qb6 20. h3 $36 {[%emt 0:01:09][%mdl 2048] White has strong initiative.} a5 ({Black should try} 20... Bf5) 21. Bh6 Bh8 22. Bd2 {[%emt 0:01:17] White is much more active.} Nb4 23. Qc3 Bd5 $2 {[%emt 0:09:41] This costs Black the game.} (23... Rad8 $16 {was called for.} 24. a3 Na6) 24. Ncd7 Qb5 25. Ng4 Rxe1+ 26. Rxe1 {[%emt 0:00:05] Intending Nh6+ and mate.} Bg7 (26... Qd3) 27. Bh6 $18 Qd3 28. Ndf6+ Bxf6 29. Nxf6+ Kh8 {[%emt 0:00:01] Black is weak on the dark squares} 30. Qc5 Be6 {[%emt 0:01:02] [#]} 31. Rxe6 $1 {[%emt 0:00:44][%mdl 512] Weighted Error Value: White=0.25 (precise) /Black=0.57.  Loses game:     	---       	Black=1      Mistake:       	---       	Black=3      Inaccurate:     	White=1     	Black=1      OK:         	White=2     	Black=2      Best:        	White=2     	Black=2} 1-0